 Dungeon Crawl Stone Soup version 0.18-a0-1747-g18c4181 (webtiles) character file.

10777 nono the Covert (level 11, -4/47 HPs)
             Began as a Vine Stalker Enchanter on Apr 12, 2016.
             Was a Follower of Ashenzari.
             Killed from afar by an ice dragon (20 damage)
             ... with a blast of cold
             ... in an ice cave.
             The game lasted 00:55:52 (10070 turns).

nono the Covert (Vine Stalker Enchanter)           Turns: 10070, Time: 00:55:52

Health: -4/47      AC:  8    Str: 12    XL:     11   Next: 67%
Magic:  0/18       EV: 12    Int: 24    God:    Ashenzari [*.....]
Gold:   520        SH:  0    Dex: 18    Spells: 6 memorised, 2 levels left

rFire  + . .     SeeInvis +     a - +2 dagger (venom)
rCold  + . .     Gourm    .     j - +3 robe "Ebuumop" {*Corrode rElec rC+ Dex+4}
rNeg   . . .     Faith    .     (no shield)
rPois  .         Spirit   +     x - +1 hat {SInv}
rElec  +         Dismiss  .     (no cloak)
rCorr  .         Reflect  .     (no gloves)
SustAt .         Harm     .     B - +1 pair of boots
MR     +....                    q - amulet of regeneration (curse)
Stlth  ++++++....               T - +4 ring of intelligence (curse)
                                h - ring of protection from fire

@: very slightly contaminated, invisible, somewhat resistant to hostile
enchantments, very stealthy
A: claws 1, fangs 3, horns 1, clever 1, regeneration 2, magic shield, antimagic
bite, no device heal 3, rot immunity
a: Curse Item, Scrying, Renounce Religion


You were in an ice cave.
You worshipped Ashenzari.
Ashenzari was aware of your devotion.
You were hungry.

You visited 2 branches of the dungeon, and saw 12 of its levels.
You also visited: Ice Cave.

You collected 520 gold pieces.

Inventory:

Hand Weapons
 a - a +2 dagger of venom (weapon)
 b - the +6 whip of True Grit {slash, +Rage rF+++ Str-5 Int+2}
   (You found it on level 5 of the Dungeon)

   It inflicts extra damage upon your enemies.
   It affects your strength (-5).
   It affects your intelligence (+2).
   It renders you almost immune to fire.
   It lets you go berserk.
 k - a +1 dagger of speed
 s - a +0 hand axe of electrocution
Armour
 j - the +3 robe "Ebuumop" (worn) {*Corrode rElec rC+ Dex+4}
   (You found it on level 10 of the Dungeon)

   It affects your dexterity (+4).
   It protects you from cold.
   It insulates you from electricity.
   It may corrode you when you take damage.
 x - a +1 hat of see invisible (worn)
 B - a +1 pair of boots (worn)
 K - a +0 leather armour of cold resistance
 M - a +1 robe
 X - a +2 robe of magic resistance
Jewellery
 g - an uncursed ring of see invisible
 h - a ring of protection from fire (left claw)
 n - an uncursed amulet of faith
 q - a cursed amulet of regeneration (around neck)
 C - an uncursed ring of flight
 T - a cursed +4 ring of intelligence (right claw)
Wands
 l - a wand of paralysis (10/24)
 O - a wand of random effects (23/48)
 W - a wand of flame (48/48)
Scrolls
 e - 3 scrolls of recharging
 i - a scroll of immolation {unknown}
 v - a scroll of amnesia
 y - a scroll of magic mapping
 D - 3 scrolls of fog
 E - 4 scrolls of teleportation
 I - a scroll of fear {unknown}
 N - a scroll of noise {unknown}
 Y - 2 scrolls of enchant weapon {unknown}
 Z - a scroll of blinking {unknown}
Potions
 m - a potion of agility
 o - 5 potions of lignification {unknown}
 p - 2 potions of flight {unknown}
 r - 8 potions of curing
 t - a potion of magic
 w - a potion of berserk rage
 F - a potion of cancellation {unknown}
 J - 3 potions of degeneration {unknown}
 L - a potion of ambrosia {unknown}
 P - 2 potions of heal wounds {unknown}
 Q - 2 potions of cure mutation {unknown}
 R - 4 potions of haste {unknown}
Books
 c - a book of Maledictions

   Spells                             Type                      Level
   a - Corona                         Hexes                        1
   b - Ensorcelled Hibernation        Hexes/Ice                    2
   c - Confuse                        Hexes                        3
   d - Tukima's Dance                 Hexes                        3
   e - Dazzling Spray                 Conjuration/Hexes            3
 H - a book of Debilitation

   Spells                             Type                      Level
   a - Corona                         Hexes                        1
   b - Slow                           Hexes                        2
   c - Gell's Gravitas                Hexes/Translocation          3
   d - Inner Flame                    Hexes/Fire                   3
   e - Cause Fear                     Hexes                        4
   f - Leda's Liquefaction            Hexes/Earth                  4
 V - the Incunabulum of the Desert
   (You found it on level 8 of the Dungeon)

   Spells                             Type                      Level
   a - Static Discharge               Conjuration/Air              3
   b - Confuse                        Hexes                        3
   c - Inner Flame                    Hexes/Fire                   3
   d - Spectral Weapon                Hexes/Charms                 3
   e - Discord                        Hexes                        8
Comestibles
 d - 11 bread rations
 f - 10 slices of pizza
 z - a beef jerky
 A - 4 fruits
 G - 2 meat rations


   Skills:
 + Level 7.5 Short Blades
 - Level 1.5 Dodging
 * Level 14.2 Stealth
 - Level 4.2 Spellcasting
 * Level 11.4 Hexes


You had 2 spell levels left.
You knew the following spells:

 Your Spells              Type           Power        Failure   Level  Hunger
a - Ensorcelled Hibernat  Hex/Ice        ####..       1%          2    None
b - Corona                Hex            ######.      1%          1    None
c - Confuse               Hex            ######..     1%          3    ##.....
d - Gell's Gravitas       Hex/Tloc       ####......   2%          3    ##.....
e - Cause Fear            Hex            ######....   1%          4    ####...
f - Inner Flame           Hex/Fire       ####....     2%          3    ##.....


Dungeon Overview and Level Annotations

Branches:
Dungeon (11/15)            Temple (1/1) D:6
   Lair: D:8-11         Orc: D:9-12

Altars:
Ashenzari
Cheibriados
Dithmenos
Elyvilon
Fedhas
Gozag
Kikubaaqudgha
Makhleb
Nemelex Xobeh
Okawaru
Pakellas
Qazlal
Ru
Sif Muna
Trog
Vehumet
Xom
Yredelemnul
Zin
The Shining One

Shops:
D:10 %


Innate Abilities, Weirdness & Mutations

You have razor-sharp teeth.
You heal very quickly.
When hurt, damage is shared between your health and your magic reserves.
Your bite disrupts and absorbs the magic of your enemies.
Potions and wands cannot restore your health.
You are immune to rotting.
You have sharp fingernails.
You have a pair of small horns on your head.
Your mind is acute. (Int +2)


Message History

The ice dragon breathes frost at you. The blast of cold misses you.
Casting: Confuse
Confirm with . or Enter, or press ? or * to list all spells.
Aiming: Confuse
Press: ? - help, Shift-Dir - straight line, f/p - ice dragon
Aim: an ice dragon (catching its breath, chance to defeat MR: 59%)
The ice dragon resists with significant effort.
The ice dragon bites you. The ice dragon claws you!
The ice dragon tramples you!
* * * LOW HITPOINT WARNING * * *
You stumble backwards!
You see here 20 gold pieces.
You see here 22 gold pieces.
You catch the helpless ice dragon completely off-guard!
You impale the ice dragon!!
The ice dragon is moderately wounded.
The ice dragon breathes frost at you. The blast of cold hits you! You resist.
You die...

#"".##
##=$..#
#$....##
#$.....#
#$.....#
#$$....##
#$$$....#
#$$$$#..#
#$$@$##.#
##D$##..#
#$##...#
#####..#
##...#.##
#..#...#
##.##..#
#..#.##
###.###


You could see an ice dragon.

Vanquished Creatures
  Gastronok (D:10)
  Snorg (D:10)
  An ice dragon (IceCv)
  2 ice statues (IceCv)
  2 trolls (D:10)
  2 two-headed ogres
  Prince Ribbit (D:7)
  A human (D:9)
  3 yaks (D:10)
  2 hungry ghosts
  The ghost of skk the Sneak, an amateur DsAs (D:4)
  2 hippogriffs
  2 orc warriors
  A sky beast (D:8)
  15 ice beasts (IceCv)
  A necrophage (D:10)
  6 ogres
  5 centaurs
  A big kobold (D:9)
  A wyvern zombie (D:7)
  4 giant frogs
  2 scorpions
  4 killer bees (D:10)
  5 wights (D:4)
  A centaur zombie (D:5)
  A crimson imp (D:7)
  A giant frog zombie (D:8)
  A quasit (D:7)
  2 jellies
  7 orc priests
  2 hounds
  2 giant frog skeletons
  2 iguanas
  Terence (D:2)
  10 orc wizards
  10 worker ants
  3 hound zombies
  A hound skeleton (D:4)
  2 worker ant zombies
  Robin (D:2)
  3 gnolls (D:6)
  9 adders
  12 white imps (D:11)
  2 oozes
  2 adder zombies (D:5)
  2 worms (D:2)
  3 dart slugs
  3 giant geckos
  37 orcs
  2 ball pythons
  4 giant cockroaches
  19 goblins
  8 hobgoblins
  4 quokkas
  12 bats
  5 giant newts
  13 kobolds
  A quokka skeleton (D:5)
  6 rats
260 creatures vanquished.

Notes
Turn   | Place    | Note
--------------------------------------------------------------
     0 | D:1      | nono the Vine Stalker Enchanter began the quest for the Orb.
     0 | D:1      | Reached XP level 1. HP: 9/9 MP: 4/4
    12 | D:1      | Reached skill level 1 in Short Blades
   170 | D:1      | Reached XP level 2. HP: 13/13 MP: 6/6
   174 | D:1      | Reached skill level 4 in Stealth
   216 | D:1      | Learned a level 2 spell: Ensorcelled Hibernation
   544 | D:1      | Reached XP level 3. HP: 15/16 MP: 7/7
   883 | D:2      | Noticed Robin
   920 | D:2      | Killed Robin
   921 | D:2      | Reached XP level 4. HP: 8/21 MP: 2/9
   995 | D:2      | Noticed Terence
  1000 | D:2      | HP: 1/21 [Terence/hand axe of electrocution (14)]
  1063 | D:2      | Killed Terence
  1387 | D:2      | Found a stormy altar of Qazlal.
  1586 | D:2      | Found an ancient bone altar of Kikubaaqudgha.
  1586 | D:2      | Found a glowing silver altar of Zin.
  1778 | D:3      | Reached XP level 5. HP: 24/24 MP: 10/10
  1831 | D:3      | Found a glowing golden altar of the Shining One.
  2615 | D:4      | Gained mutation: You heal very quickly. [Vine Stalker growth]
  2615 | D:4      | Reached XP level 6. HP: 19/28 MP: 7/12
  2621 | D:4      | Learned a level 3 spell: Confuse
  2630 | D:4      | Found a bloodstained altar of Trog.
  2642 | D:4      | Reached skill level 5 in Stealth
  2789 | D:4      | Reached XP level 7. HP: 22/32 MP: 3/14
  2938 | D:4      | Reached skill level 5 in Hexes
  3229 | D:4      | Noticed a hungry ghost
  3237 | D:4      | Killed a hungry ghost
  3237 | D:4      | Reached skill level 6 in Stealth
  3452 | D:4      | Found a shimmering altar of Xom.
  3453 | D:4      | Found a white marble altar of Elyvilon.
  3525 | D:4      | Noticed skk's ghost (amateur DsAs)
  3542 | D:4      | Killed skk's ghost
  3542 | D:4      | Gained mutation: You have razor-sharp teeth. [Vine Stalker growth]
  3542 | D:4      | Reached XP level 8. HP: 36/36 MP: 11/15
  3560 | D:4      | Found a blossoming altar of Fedhas.
  3681 | D:5      | Entered Level 5 of the Dungeon
  3704 | D:5      | Reached skill level 7 in Stealth
  3763 | D:5      | Found an opulent altar of Gozag.
  3997 | D:5      | Found a snail-covered altar of Cheibriados.
  4122 | D:5      | Got an iridescent whip
  4123 | D:5      | Identified the +6 whip of True Grit {slash, +Rage rF+++ Str-5 Int+2} (You found it on level 5 of the Dungeon)
  4316 | D:5      | Reached skill level 8 in Stealth
  4706 | D:6      | You fall through a shaft for 3 floors!
  4801 | D:9      | Learned a level 3 spell: Gell's Gravitas
  4806 | D:9      | Learned a level 4 spell: Cause Fear
  4986 | D:9      | Reached skill level 9 in Stealth
  4990 | D:9      | Reached XP level 9. HP: 38/39 MP: 11/16
  5254 | D:8      | Noticed a two-headed ogre
  5271 | D:8      | Killed a two-headed ogre
  5271 | D:8      | Reached skill level 5 in Short Blades
  5362 | D:8      | Found an oddly glowing altar of Pakellas.
  5413 | D:8      | Identified the Incunabulum of the Desert
  5471 | D:8      | Found a deep blue altar of Sif Muna.
  5539 | D:8      | Reached skill level 10 in Stealth
  5676 | D:7      | Found a shadowy altar of Dithmenos.
  6509 | D:6      | Found a staircase to the Ecumenical Temple.
  6515 | Temple   | Entered the Ecumenical Temple
  6528 | Temple   | Became a worshipper of Ashenzari the Shackled
  6732 | D:7      | Reached skill level 11 in Stealth
  6784 | D:7      | Reached XP level 10. HP: 44/44 MP: 17/17
  6981 | D:7      | Found a sparkling altar of Nemelex Xobeh.
  7064 | D:7      | Gained mutation: Your mind is acute. (Int +2) [potion of mutation]
  7064 | D:7      | Gained mutation: You have sharp fingernails. [potion of mutation]
  7064 | D:7      | Gained mutation: You have a pair of small horns on your head. [potion of mutation]
  7073 | D:7      | Learned a level 3 spell: Inner Flame
  7431 | D:7      | Noticed Prince Ribbit
  7459 | D:7      | Killed Prince Ribbit
  7710 | D:8      | Reached * piety under Ashenzari
  8368 | D:10     | Entered Level 10 of the Dungeon
  8529 | D:10     | Noticed Gastronok
  8568 | D:10     | Killed Gastronok
  8568 | D:10     | Reached skill level 12 in Stealth
  8568 | D:10     | Reached skill level 10 in Hexes
  8724 | D:10     | Noticed Snorg
  8731 | D:10     | Killed Snorg
  8731 | D:10     | Reached skill level 13 in Stealth
  8731 | D:10     | Reached XP level 11. HP: 32/47 MP: 15/18
  8917 | D:10     | Found Vehotefefi's Food Boutique.
  9055 | D:10     | Got the uncursed robe "Ebuumop" {*Corrode rElec rC+ Dex+4}
  9066 | D:10     | Identified the +3 robe "Ebuumop" {*Corrode rElec rC+ Dex+4} (You found it on level 10 of the Dungeon)
  9183 | D:11     | Found a frozen archway.
  9275 | IceCv    | Entered an ice cave
  9986 | IceCv    | Reached skill level 14 in Stealth
 10049 | IceCv    | Noticed an ice dragon
 10049 | IceCv    | Noticed an ice dragon
 10055 | IceCv    | Identified the ring of Daiclesa {Ice rElec rPois MP+9 Dex-2}
 10061 | IceCv    | Killed an ice dragon
 10070 | IceCv    | Killed from afar by an ice dragon

Vault maps used:
D:1:      minmay_arrival_glassed_features, minmay_misc_feat_nine_boxes
D:2:      nicolae_qazlal_eye_of_the_storm, amethyst_overflow_temple_binary,
          uniq_robin, uniq_terence
D:3:      tso_metal_star, serial_glass, glass_columns_a, glass_columns_a,
          kennysheep_nub
D:4:      fedhas_altar_fruit_tree, lemuel_doored_altar,
          gammafunk_temple_overflow_pools
D:5:      nicolae_gozag_seed_capital, nicolae_overflow_hidden_temple,
          first_bread
D:6:      temple_green, serial_corexii_hall, corexii_hall_statues_l,
          corexii_hall_statues_x
D:7:      nicolae_whirlpool, grunt_dithmenos_smoke_and_mirrors, kennysheep_mini,
          kennysheep_small_circle, uniq_prince_ribbit1
D:8:      lemuel_crystal_altar, kennysheep_little_box
D:9:      grunt_pizzeria
D:10:     serial_shops, nicolae_shop_stone, uniq_gastronok, uniq_snorg
D:11:     lemuel_ice_statue, lair_0_dummy, portal_ice_cave_entry_imps,
          serial_shops, shop_statue
Temple:   circular_temple_6
IceCv:    ice_cave_small_dragons

Skill      XL: |  1  2  3  4  5  6  7  8  9 10 11 |
---------------+----------------------------------+-----
Short Blades   | 1 2 3 4 5 6 7 |  7.5
Stealth        | 4 5 6 9 11 13 14 | 14.2
Spellcasting   | 3 4 |  4.2
Hexes          | 4 5 7 8 10 11 | 11.4
Dodging        | |  1.5

Action                   |  1- 3 |  4- 6 |  7- 9 | 10-12 || total
-------------------------+-------+-------+-------+-------++-------
Melee: Dagger            |    66 |   142 |   280 |   312 ||   800
       Bite              |    10 |    33 |    65 |   111 ||   219
       Whip              |       |       |       |    37 ||    37
       Headbutt          |       |       |       |    77 ||    77
 Cast: Corona            |     5 |     3 |     4 |       ||    12
       Ensorcelled Hiber |     1 |     1 |    26 |     7 ||    35
       Confuse           |       |     5 |    35 |    49 ||    89
       Gell's Gravitas   |       |       |       |     1 ||     1
       Inner Flame       |       |       |       |     1 ||     1
Invok: Curse Item        |       |       |     2 |       ||     2
Evoke: Club              |       |       |       |     2 ||     2
  Use: Scroll            |       |       |     7 |     7 ||    14
       Potion            |       |       |       |     3 ||     3
 Stab: Sleeping          |     6 |    19 |    34 |    15 ||    74
       Distracted        |       |     1 |       |       ||     1
       Confused          |       |     3 |    20 |    28 ||    51
       Invisible         |       |       |       |     1 ||     1
  Eat: Chunk             |       |     6 |    15 |     9 ||    30
       Fruit             |       |       |     1 |     6 ||     7
Armor: Robe              |    19 |    28 |    55 |    65 ||   167
Dodge: Dodged            |    36 |    80 |   137 |   141 ||   394
